idiot, lawful female human Valkyrie --- |. ----- |.------ ----- |...-####### |.|.%..| |...| |...| # |.|....| |...| |..<| ### |.---|----|...|+- |...| # |......|..|...|.| |...| ### |.----.|..--|--.| ----- # |.| +.-|--..{..-+-- ###|.| |.%...........- #-.| |-|--.----+-- |.| |.@.|.+ |.| |(((|.| |.| |@m(|.- |.- -----. |. . --- --- idiot the Skirmisher Experience level: 5 Strength: 17 Dexterity: 11 Constitution: 16 Intelligence: 12 Wisdom: 9 Charisma: 10 Health: 0(40) Energy: 6(6) Def: 4 Gold: 171 Moves: 1264 Dungeon seed: JjIDY74__ZzXXO8L Game ID: idiot_1535489649 Your Inventory: Coins $ - 171 gold pieces Weapons a - an uncursed +1 long sword (weapon in hand) b - 4 uncursed +0 daggers Armor e - an uncursed +3 small shield (being worn) q - a cursed -1 orcish helm r - an uncursed +0 dwarvish iron helm A - a cursed -3 mummy wrapping Comestibles c - an uncursed food ration Scrolls f - an uncursed scroll of summoning k - an uncursed scroll of light l - a blessed scroll of punishment x - a cursed scroll of destroy armor Spellbooks j - an uncursed spellbook of detect treasure v - an uncursed spellbook of cure blindness C - an uncursed spellbook of detect unseen Potions g - an uncursed potion of water i - an uncursed potion of monster detection w - an uncursed potion of healing Tools m - 9 uncursed tallow candles (0:200) s - an uncursed wax candle (0:400) B - a cursed wax candle (0:400) Gems n - an uncursed worthless piece of black glass u - an uncursed fluorite stone y - an uncursed worthless piece of yellow glass z - an uncursed worthless piece of green glass N - an uncursed worthless piece of blue glass Y - 2 uncursed worthless pieces of red glass Spells and supernatural/magical abilities: Name Level Category Cost Memory W - pray for help -- divine ? -- Your skills at the end: Fighting Skills wands [Basic] Weapon Skills dagger [Basic] long sword [Basic] Spellcasting Skills Final Attributes: You were piously aligned. You were immune to cold. You were stealthy. You were held by a giant mimic. You were lucky. Tyr was noncommittal. You are dead. Vanquished creatures: 3 gnome lords a gnomish wizard a kobold mummy 2 monkeys 13 gnomes a gnome zombie a gecko 3 goblins 4 grid bugs a lichen a kobold zombie a newt 32 creatures vanquished. Voluntary challenges: You followed a strict vegan diet. You were an atheist. You used a wielded weapon 58 times, starting on turn 193. You were illiterate. You never genocided any monsters. You never polymorphed an object. You never changed form. You used no wishes. You never split a pudding. You never wrote Elbereth's name. You never violated your personal moral code. You disabled loading bones files. Dungeon overview: The Dungeons of Doom: levels 1 to 4 Level 1 a long staircase Level 2 a fountain Level 3 a fountain Level 4 stairs to The Gnomish Mines The Gnomish Mines: levels 5 to 7 Level 5 stairs to The Dungeons of Doom Level 6 Level 7 <- You were here a lighting shop, a fountain History has recorded: On T:1 you entered the Dungeons of Doom to retrieve the Amulet of Yendor! On T:135 you reached level 2 of The Dungeons of Doom. On T:280 you reached level 3 of The Dungeons of Doom. On T:421 you advanced to experience level 2. On T:581 you reached level 4 of The Dungeons of Doom. On T:741 you reached level 1 of The Gnomish Mines. On T:777 you advanced to experience level 3. On T:820 you reached level 2 of The Gnomish Mines. On T:904 you advanced to experience level 4. On T:1100 you reached level 3 of The Gnomish Mines. On T:1156 you advanced to experience level 5. Score breakdown: Gold: 171 ( 7604 points) Experience: 5 levels (11141 points) Exploration: 7 levels ( 14.29%) (10606 points) Discoveries: 2 items ( 0.80%) ( 2683 points) Valuables value: (no points given unless you survive) Artifact value: 0 ( 0 points) Variety of kills: 12 monsters ( 3.16%) ( 5331 points) Turncount: 1264 turns ( 0 points) Survival: died (score multiplied by 80%) Total score: 29892 Latest messages: i - a sky blue potion. You see here a female monkey corpse. You hit the monkey. The monkey hits! The monkey stole a slime mold. The monkey tries to run away with your slime mold. You hit the monkey. (2x) The monkey hits! The monkey stole a lock pick. The monkey tries to run away with your lock pick. You hit the monkey. You see here a female monkey corpse. You hear a door open. (2x) You see here a female monkey corpse. "Velkommen, idiot! Welcome again to Izchak's lighting store!" You see here a wax candle (26 zorkmids). You see here an oil lamp (13 zorkmids). Wait! That's a giant mimic! You hit the giant mimic! (2x) The giant mimic hits! (2x) You hit the giant mimic. You hit the giant mimic! (2x) You miss the giant mimic. The giant mimic hits! (2x) You die... Izchak gratefully inherits all your possessions. Final status: Farvel idiot the Valkyrie, killed by a giant mimic... You died in The Gnomish Mines on dungeon level 7 with 29892 points, and 171 pieces of gold, after 1264 moves. You were level 5 with a maximum of 40 hit points when you died.